 Dungeon Crawl Stone Soup version 0.27-a0-92-g39ad13b146 (webtiles) character file.

Game seed: 15981296273195427507

110 dickylongcocking the Gusty (level 4, -4/21 HPs)
             Began as a Vine Stalker Air Elementalist on Jan 16, 2021.
             Was an Initiate of Sif Muna.
             Slain by an ogre
             ... wielding a cursed -3 giant club
              (13 damage)
             ... on level 3 of the Dungeon.
             The game lasted 00:02:47 (3230 turns).

dickylongcocking the Gusty (VSAE)                   Turns: 3230, Time: 00:02:47

Health: -4/21      AC:  5    Str: 10    XL:     4   Next: 91%
Magic:  0/10       EV: 11    Int: 16    God:    Sif Muna [......]
Gold:   191        SH:  0    Dex: 15    Spells: 5/10 levels left

rFire    . . .     SeeInvis .   c - +1 dagger (drain)
rCold    . . .     Faith    .   (no shield)
rNeg     . . .     Spirit   +   t - +0 leather armour (curse)
rPois    .         Reflect  .   (no helmet)
rElec    .         Harm     .   (no cloak)
rCorr    .         Rampage  +   (no gloves)
Will     .....                  n - +1 pair of boots {rampage}
Stlth    ++........             (no amulet)
HPRegen  0.47/turn              (no ring)
MPRegen  0.12/turn              (no ring)

@: very slightly contaminated
A: fangs 2, regeneration 1, magic shield, antimagic bite, no potion heal 3
a: Renounce Religion


You were on level 3 of the Dungeon.
You worshipped Sif Muna.
Sif Muna was noncommittal.
You visited 1 branch of the dungeon, and saw 3 of its levels.

You collected 191 gold pieces.

Inventory:

Hand Weapons
 c - a +1 dagger of draining (weapon)
Armour
 a - a +0 robe
 n - a +1 pair of boots of rampaging (worn)
 t - a cursed +0 leather armour (worn)
Jewellery
 i - an uncursed amulet of the acrobat {unknown}
Scrolls
 d - 3 scrolls of amnesia {unknown}
 e - 3 scrolls of enchant armour {unknown}
 f - 2 scrolls of enchant weapon {unknown}
 h - a scroll of blinking {unknown}
 j - 2 scrolls of teleportation {unknown}
 k - 2 scrolls of identify {unknown}
 r - 2 scrolls of remove curse {unknown}
 s - a scroll of immolation {unknown}
Potions
 b - 2 potions of heal wounds {unknown}
 g - a potion of mutation {unknown}
 l - 2 potions of degeneration {unknown}
 m - a potion of invisibility {unknown}
 o - a potion of ambrosia {unknown}
 p - a potion of cancellation {unknown}
 q - a potion of lignification {unknown}


   Skills:
 - Level 1.5 Dodging
 - Level 2.4 Stealth
 * Level 3.5 Spellcasting
 * Level 2.5 Conjurations
 * Level 3.9 Air Magic


You had 5 spell levels left.
You knew the following spells:

 Your Spells              Type           Power        Failure   Level
a - Shock                 Conj/Air       52%          6%          1
f - Airstrike             Air            7%           43%         4

Your spell library contained the following spells:

 Spells                   Type           Power        Failure   Level
 Swiftness                Air            15%          8%          2
 Static Discharge         Conj/Air       13%          19%         3
 Lightning Bolt           Conj/Air       6%           87%         5


Dungeon Overview and Level Annotations

Branches:
Dungeon (3/15)

Altars:
Ru
Sif Muna


Innate Abilities, Weirdness & Mutations

You have extremely sharp teeth.
Your natural rate of healing is unusually fast.
When hurt, damage is shared between your health and your magic reserves.
Your bite disrupts and absorbs the magic of your enemies.
Potions cannot restore your health.


Message History

You don't have enough magic to cast that spell.
An ogre is nearby!
Unknown command.
Unknown command.
Unknown command.
Casting: Airstrike (potentially lethal; 43% risk of failure)
Confirm with . or Enter, or press ? or * to list all spells.
You don't have enough magic to cast that spell.
An ogre is nearby!
Unknown command.
Casting: Airstrike (potentially lethal; 43% risk of failure)
Confirm with . or Enter, or press ? or * to list all spells.
Aiming: Shock (safe; 6% risk of failure)
Press: ? - help, Shift-Dir - straight line, f/p - ogre
Aim: an ogre, wielding a -3 giant club (heavily wounded, lightly drained, 15% to evade)
The zap hits the ogre.
The ogre is heavily wounded.
The ogre hits you with a cursed -3 giant club!
Ouch! That really hurt!
You die...

###...####.##<......#
#####..........##.......#
#.†............######.###
#.###.........## #.#
#.############### ###
#)......#.......#
#######.#.#####.#
#...#.#.#...#.# #.#...#.#
#.O@# #.#####.# #####
#.......# #########


You could see an ogre (drained).

Vanquished Creatures
  Robin (D:2)
  2 adders
  2 worms (D:2)
  3 dart slugs
  2 giant cockroaches
  10 hobgoblins
  9 jackals
  2 quokkas (D:3)
  7 bats
  3 frilled lizards
  12 goblins
  3 kobolds
  6 rats
62 creatures vanquished.

Notes
Turn   | Place    | Note
-------+----------+-------------------------------------------
     0 | D:1      | dickylongcocking the Vine Stalker Air Elementalist began
                  | the quest for the Orb.
     0 | D:1      | Reached XP level 1. HP: 9/9 MP: 4/4
   113 | D:1      | Reached XP level 2. HP: 13/13 MP: 1/6
  1100 | D:2      | Noticed Robin
  1122 | D:2      | Reached XP level 3. HP: 10/16 MP: 2/8
  1151 | D:2      | Killed Robin
  1508 | D:2      | Gained mutation: Your natural rate of healing is unusually
                  | fast. [Vine Stalker growth]
  1508 | D:2      | Reached XP level 4. HP: 21/21 MP: 9/9
  1825 | D:2      | Found a shimmering blue altar of Sif Muna.
  1830 | D:2      | Became a worshipper of Sif Muna the Loreminder
  1848 | D:2      | Learned a level 4 spell: Airstrike
  3157 | D:3      | Found a sacrificial altar of Ru.
  3222 | D:3      | Noticed an ogre
  3230 | D:3      | Slain by an ogre

Illustrated notes

Levels and vault maps discovered:
D:1:      dpeg_arrival_tiny_d, layout_basic, minmay_door_square
D:2:      layout_basic, lemuel_crystal_altar, uniq_robin
D:3:      layout_basic, nicolae_ru_path_of_blood, patterned_corridor

Skill      XL: |  1  2  3 |
---------------+----------+-----
Spellcasting   | 3 |  3.5
Conjurations   | 2 |  2.5
Dodging        | |  1.5
Stealth        | |  2.4
Air Magic      | |  3.9

Action                   |  1- 3 |  4- 6 || total
-------------------------+-------+-------++-------
Melee: Dagger            |    48 |    42 ||    90
       Bite              |     7 |    13 ||    20
 Cast: Shock             |    31 |    17 ||    48
       Airstrike         |       |     4 ||     4
 Stab: Sleeping          |     4 |     5 ||     9
Armor: Robe              |    17 |     9 ||    26
Dodge: Dodged            |    39 |    23 ||    62

Table legend: (Time is in decaauts)
 A = Elapsed time spent in this place.
 B = Non-inter-level travel time spent in this place.
 C = Inter-level travel time spent in this place.
 D = Time resting spent in this place.
 E = Time spent auto-exploring this place.
 F = Levels seen in this place.
 G = Mean time per level.
                   A        B        C        D        E       F      G
               +--------+--------+--------+--------+--------+-----+--------+
         Total |   3228 |   3179 |     49 |    697 |   2072 |   3 | 1076.0 |
       Dungeon |   3228 |   3179 |     49 |    697 |   2072 |   3 | 1076.0 |
               +--------+--------+--------+--------+--------+-----+--------+

Top non-repeatable levels by time:
     D:2: 1488 daAuts
     D:1: 1047 daAuts
     D:3: 692 daAuts
